 Dungeon Sprint DCSS version 0.30-a0-802-gb92711bcdf (webtiles) character file.

Game seed: 16379916812665133215

4000000 BigDaddyOpFi the Intangible (level 23, -15/201 HPs)
             Began as a Djinni Summoner on Feb 23, 2023.
             Was the Champion of Makhleb.
             Demolished by a meat berserker
             ... wielding a +9 battleaxe
              (61 damage)
             ... in the Dungeon (Sprint VIII: "Arena of Blood").
             The game lasted 00:01:17 (40 turns).

BigDaddyOpFi the Intangible (Djinni Summoner)         Turns: 40, Time: 00:01:17

Health: -15/201    AC:  4    Str:  7    XL:     23   Next: 65%
Gold:   0          EV: 37    Int: 18    God:    Makhleb [******] SH:  0 Dex: 24

rFire   + + .      SeeInvis .    g - +∞ Axe of Woe
rCold   x . .      Faith    .    (shield currently unavailable)
rNeg    . . .      Spirit   .    a - +0 robe
rPois   ∞          Reflect  .    (no helmet)
rElec   .          Harm     .    (no cloak)
rCorr   .          Rampage  .    (no gloves)
Will    ++...      NoTele   +    (boots unavailable)
Stlth   ++++++++++               (no amulet)
HPRegen 0.53/turn                (no ring)
MPRegen 0.00/turn                (no ring)

@: flying
A: sickness immunity, fire resistance 2, cold vulnerability 1, float, innate
caster, HP casting, extra vitality 1
a: Renounce Religion, Minor Destruction, Lesser Servant of Makhleb, Major
Destruction, Greater Servant of Makhleb


You were in the Dungeon.
You worshipped Makhleb.
Makhleb was exalted by your worship.
You visited 1 branch

Inventory:

Hand Weapons
 g - the +∞ Axe of Woe (weapon)
   (You found it in the Dungeon)
Armour
 a - a +0 robe (worn)
Scrolls
 f - a scroll of blinking
Potions
 b - a potion of curing
 c - a potion of heal wounds
 d - a potion of haste
 e - a potion of berserk rage


   Skills:
 O Level 27 Fighting
 O Level 27 Axes
 + Level 18.6(24.8) Maces & Flails
 + Level 18.6(24.8) Polearms
 O Level 27 Armour
 O Level 27 Dodging
 O Level 27 Stealth
 O Level 27 Unarmed Combat
 O Level 27 Spellcasting
 O Level 27 Invocations


You knew the following spells:

 Your Spells              Type           Power      Damage    Failure   Level
a - Summon Small Mammal   Summ           100%       N/A       0%          1
b - Call Imp              Summ           88%        N/A       0%          2
c - Call Canine Familiar  Summ           88%        N/A       0%          3
d - Summon Guardian Gole  Hex/Summ       88%        N/A       0%          3
e - Summon Lightning Spi  Summ/Air       88%        N/A       0%          4
f - Magic Dart            Conj           100%       1d8       0%          1
g - Momentum Strike       Conj/Tloc      100%       3d10      0%          2
h - Swiftness             Air            88%        N/A       0%          3
i - Inner Flame           Hex/Fire       88%        N/A       0%          3
j - Fireball              Conj/Fire      44%        3d18      0%          5
k - Borgnjor's Vile Clut  Necr/Erth      44%        N/A       0%          5
l - Conjure Ball Lightni  Conj/Air       44%        3x3d15    0%          6
m - Summon Cactus Giant   Summ           44%        N/A       0%          6
n - Monstrous Menagerie   Summ           44%        N/A       1%          7
o - Lehudib's Crystal Sp  Conj/Erth      44%        10d11     1%          8
p - Ignition              Fire           44%        3d13      1%          8
Your spell library was empty.

Dungeon Overview and Level Annotations

Branches:
Dungeon (1/1)

Altars:
Makhleb

Annotations:
D The Servant


Innate Abilities, Weirdness & Mutations

You are immune to sickness and miasma.
You are immune to poison.
Your flesh is very heat resistant. (rF++)
You are vulnerable to cold. (rC-)
You float through the air rather than walking.
You learn spells naturally, not from books.
Your magical power is your life essence.
You have superior vitality. (+4 MHP)


Message History

Unknown command.
Okay, then.
Casting: Conjure Ball Lightning (safe; 0% risk of failure)
Confirm with . or Enter, or press ? or * to list all spells.
Okay, then.
Casting: Conjure Ball Lightning (safe; 0% risk of failure)
Confirm with . or Enter, or press ? or * to list all spells.
Casting: Ignition (mildly dangerous; 1% risk of failure)
Press: ? - help, Dir - look around, f - activate The air bursts into flame!
The fireball engulfs the eight-headed meat hydra!!
The eight-headed meat hydra is lightly wounded.
The eight-headed meat hydra roars!
The fireball engulfs the bag of meat!!
The bag of meat is lightly wounded.
The fireball engulfs the meat berserker!!
The meat berserker is lightly wounded.
The fireball engulfs the sculptor of flesh!
The sculptor of flesh is lightly damaged.
You are engulfed in blazing flames.
You resist.
You hear a shout!
You hear two shouts!
You hear a shout! x8
The eight-headed meat hydra calls on the powers of darkness!
The eight-headed meat hydra convulses!
Your body is wracked with pain!
The meat berserker convulses!
The bag of meat convulses!
You hear a shout! x3
A destroyer comes into view. It is wielding a +9 heavy great sword.
A meat berserker comes into view. It is wielding a +9 battleaxe.
You hear a shout!
A meat berserker comes into view. It is wielding a +9 battleaxe.
The sculptor of flesh appears out of thin air!
A sculptor of flesh comes into view. It is wielding a +9 great sword.
You are engulfed in blazing flames.
You resist.
You hear a shout! x2
The eight-headed meat hydra calls on the powers of darkness!
The eight-headed meat hydra convulses!
Your body is wracked with pain!
* * * LOW HITPOINT WARNING * * *
The destroyer casts a spell at you.
The destroyer blinks!
The meat berserker hits you with a +9 battleaxe!!!
You die...

.. ..... #.
...# #.. ...# .
.###.. ...###.D
......###......
......○°....
#z°☼)§# #V☼○@○#
#.○○)O#
......☼○....
.....O###......
.###.. ...###O.
#§z ...# . #.
...# .. .....


You could see an eight-headed meat hydra, a destroyer, a sculptor of flesh
(wandering) and 3 meat berserkers.

Vanquished Creatures
  4 vampire knights (D)
  12 ogres (D)
  6 two-headed ogres (D)
  22 orcs (D)
44 creatures vanquished.

Vanquished Creatures (others)
  3 ball lightnings (D)
3 creatures vanquished.

Grand Total: 47 creatures vanquished

Notes
Turn   | Place    | Note
-------+----------+-------------------------------------------
     0 | D        | Found the +∞ Axe of Woe
     0 | D        | BigDaddyOpFi the Djinni Summoner began the quest for the
                  | Orb.
     0 | D        | BigDaddyOpFi set off with the following spells memorised:
                  | Summon Small Mammal, Call Imp, Call Canine Familiar, Summon
                  | Guardian Golem, Summon Lightning Spire.
     0 | D        | Reached XP level 1. HP: 15/15 MP: 0/0
     2 | D        | Noticed a bag of meat
     3 | D        | Noticed a bag of meat
     3 | D        | Noticed a bag of meat
     4 | D        | Became a worshipper of Makhleb the Destroyer
     4 | D        | Noticed a bag of meat
     4 | D        | Noticed a bag of meat
     4 | D        | Noticed a bag of meat
     5 | D        | Noticed a bag of meat
     5 | D        | Noticed a bag of meat
     6 | D        | Killed a bag of meat
     7 | D        | Reached skill level 10 in Dodging
     7 | D        | Reached XP level 2. HP: 34/34 MP: 0/0
     7 | D        | Reached XP level 3. HP: 40/40 MP: 0/0
     7 | D        | Learned a level 1 spell: Magic Dart
     7 | D        | Reached XP level 4. HP: 45/45 MP: 0/0
     7 | D        | Reached XP level 5. HP: 50/50 MP: 0/0
     7 | D        | Learned a level 2 spell: Momentum Strike
     7 | D        | Reached XP level 6. HP: 57/57 MP: 0/0
     7 | D        | Reached XP level 7. HP: 61/61 MP: 0/0
     7 | D        | Learned a level 3 spell: Swiftness
     7 | D        | Reached XP level 8. HP: 67/67 MP: 0/0
     7 | D        | Reached XP level 9. HP: 73/73 MP: 0/0
     7 | D        | Learned a level 3 spell: Inner Flame
     7 | D        | Reached XP level 10. HP: 78/78 MP: 0/0
     7 | D        | Reached XP level 11. HP: 84/84 MP: 0/0
     7 | D        | Learned a level 5 spell: Fireball
     7 | D        | Killed a bag of meat
     7 | D        | Reached * piety under Makhleb
     7 | D        | Noticed a bag of meat
     7 | D        | Noticed a meat berserker
     8 | D        | Reached skill level 10 in Fighting
     8 | D        | Reached skill level 10 in Armour
     8 | D        | Reached skill level 10 in Stealth
     8 | D        | Reached skill level 10 in Unarmed Combat
     8 | D        | Reached XP level 12. HP: 72/93 MP: 0/0
     8 | D        | Killed a bag of meat
     8 | D        | Killed a bag of meat
     9 | D        | Reached skill level 10 in Axes
     9 | D        | Reached skill level 10 in Spellcasting
     9 | D        | Reached XP level 13. HP: 29/102 MP: 0/0
     9 | D        | Learned a level 5 spell: Borgnjor's Vile Clutch
     9 | D        | Killed a bag of meat
     9 | D        | Reached ** piety under Makhleb
     9 | D        | Killed a bag of meat
     9 | D        | Killed a meat berserker
     9 | D        | Noticed a meat berserker
     9 | D        | Noticed a bag of meat
    10 | D        | Reached skill level 15 in Invocations
    10 | D        | Reached XP level 14. HP: 110/112 MP: 0/0
    10 | D        | Reached XP level 15. HP: 115/118 MP: 0/0
    10 | D        | Learned a level 6 spell: Conjure Ball Lightning
    10 | D        | Reached *** piety under Makhleb
    10 | D        | Noticed a meat berserker
    11 | D        | Reached skill level 15 in Fighting
    11 | D        | Reached skill level 15 in Armour
    11 | D        | Reached skill level 15 in Unarmed Combat
    11 | D        | Killed a meat berserker
    11 | D        | Reached **** piety under Makhleb
    12 | D        | Reached skill level 15 in Stealth
    12 | D        | Reached XP level 16. HP: 130/130 MP: 0/0
    12 | D        | Noticed a meat berserker
    12 | D        | Noticed a meat berserker
    15 | D        | Killed a meat berserker
    16 | D        | Reached skill level 15 in Axes
    16 | D        | Reached XP level 17. HP: 72/138 MP: 0/0
    16 | D        | Learned a level 6 spell: Summon Cactus Giant
    16 | D        | Killed a meat berserker
    16 | D        | Killed a meat berserker
    16 | D        | Reached ***** piety under Makhleb
    16 | D        | Noticed a meat berserker
    16 | D        | Noticed a meat berserker
    17 | D        | Reached skill level 15 in Spellcasting
    17 | D        | Noticed a destroyer
    17 | D        | Noticed a meat berserker
    18 | D        | Noticed a meat berserker
    20 | D        | Reached XP level 18. HP: 149/149 MP: 0/0
    20 | D        | Killed a meat berserker
    20 | D        | Killed a destroyer
    21 | D        | Reached XP level 19. HP: 159/159 MP: 0/0
    21 | D        | Learned a level 7 spell: Monstrous Menagerie
    21 | D        | Noticed a large bag of meat
    21 | D        | Killed a meat berserker
    21 | D        | Noticed a large bag of meat
    22 | D        | Noticed a large bag of meat
    23 | D        | Noticed a large bag of meat
    23 | D        | Killed a meat berserker
    23 | D        | Reached ****** piety under Makhleb
    23 | D        | Killed a meat berserker
    24 | D        | Killed a large bag of meat
    24 | D        | Noticed a large bag of meat
    25 | D        | Reached XP level 20. HP: 162/172 MP: 0/0
    25 | D        | Killed a large bag of meat
    25 | D        | Killed a large bag of meat
    25 | D        | Noticed a large bag of meat
    27 | D        | Reached skill level 27 in Dodging
    27 | D        | Reached XP level 21. HP: 177/182 MP: 0/0
    27 | D        | Learned a level 8 spell: Lehudib's Crystal Spear
    28 | D        | Noticed a destroyer
    28 | D        | Killed a large bag of meat
    28 | D        | Noticed a destroyer
    28 | D        | Noticed The Servant
    28 | D        | Noticed a meat berserker
    29 | D        | Noticed a meat berserker
    30 | D        | Killed a large bag of meat
    30 | D        | Noticed a destroyer
    31 | D        | Noticed a destroyer
    32 | D        | Killed a destroyer
    32 | D        | Killed a meat berserker
    32 | D        | Killed a large bag of meat
    33 | D        | Reached skill level 27 in Fighting
    33 | D        | Reached skill level 27 in Armour
    33 | D        | Reached skill level 27 in Stealth
    33 | D        | Reached skill level 27 in Unarmed Combat
    33 | D        | Reached skill level 27 in Invocations
    33 | D        | Reached XP level 22. HP: 177/194 MP: 0/0
    33 | D        | Killed a destroyer
    34 | D        | Reached skill level 27 in Axes
    34 | D        | Noticed a meat berserker
    34 | D        | Killed a meat berserker
    35 | D        | Reached skill level 27 in Spellcasting
    35 | D        | Reached XP level 23. HP: 195/201 MP: 0/0
    35 | D        | Learned a level 8 spell: Ignition
    37 | D        | Killed a destroyer
    39 | D        | Noticed a destroyer
    40 | D        | Demolished by a meat berserker

Illustrated notes

Levels and vault maps discovered:
D:        meatsprint

Skill      XL: |  1  2  3  4  5  6  7  8  9 10 11 12 13 14 15 16 17 18 19 20 21 22 23 |
---------------+----------------------------------------------------------------------+-----
Fighting       | 9 10 12 14 17 18 20 21 23 25 27 | 27.0
Axes           | 7 9 10 12 14 15 17 18 20 21 26 27 | 27.0
Armour         | 9 10 12 14 17 18 20 21 23 25 27 | 27.0
Dodging        | 10 12 14 16 18 19 21 23 25 27 | 27.0
Stealth        | 8 10 11 13 15 16 18 20 22 23 27 | 27.0
Unarmed Combat | 9 10 12 14 16 18 20 21 23 25 27 | 27.0
Spellcasting   | 8 9 10 12 13 14 16 17 19 20 24 27 | 27.0
Invocations    | 9 11 12 15 17 18 20 21 23 25 27 | 27.0
Maces & Flails | 9 18 | 18.6
Polearms       | 9 18 | 18.6

Action                     |  1- 3 |  4- 6 |  7- 9 | 10-12 | 13-15 | 16-18 | 19-21 | 22-24 || total
---------------------------+-------+-------+-------+-------+-------+-------+-------+-------++-------
  Melee: Executioner's axe |     1 |       |       |     2 |     3 |     5 |     9 |     5 ||    25
   Cast: Conjure Ball Ligh |       |       |       |       |       |     1 |       |       ||     1
         Ignition          |       |       |       |       |       |       |       |     1 ||     1

Table legend: (Time is in decaauts)
 A = Elapsed time spent in this place.
 B = Non-inter-level travel time spent in this place.
 C = Inter-level travel time spent in this place.
 D = Time resting spent in this place.
 E = Time spent auto-exploring this place.
 F = Levels seen in this place.
 G = Mean time per level.
                   A        B        C        D        E       F      G
               +--------+--------+--------+--------+--------+-----+--------+
         Total |     40 |     40 |      0 |      0 |      0 |   1 |   40.0 |
       Dungeon |     40 |     40 |      0 |      0 |      0 |   1 |   40.0 |
               +--------+--------+--------+--------+--------+-----+--------+

Top non-repeatable levels by time:
       D: 40 daAuts
